 Dungeon Crawl Stone Soup version 0.22-a0-407-gb098539 (webtiles) character file.

194898 dstrtnsr the Warrior (level 17, -19/170 HPs)
             Began as a Hill Orc Berserker on May 9, 2018.
             Was a High Priest of Trog.
             Demolished by a vault warden
             ... wielding a +0 battleaxe
              (48 damage)
             ... on level 1 of the Vaults.
             The game lasted 00:27:41 (23228 turns).

dstrtnsr the Warrior (Hill Orc Berserker)          Turns: 23228, Time: 00:27:42

Health: -19/170    AC: 32    Str: 27    XL:     17   Next: 91%
Magic:  24/24      EV:  5    Int:  7    God:    Trog [*****.]
Gold:   1253       SH: 22    Dex: 10    Spells: 16/16 levels left

rFire    . . .     SeeInvis +   a - +3 war axe (vamp)
rCold    . . .     Gourm    .   b - +0 large shield
rNeg     . . .     Faith    .   m - +4 crystal plate armour
rPois    +         Spirit   .   v - +2 helmet
rElec    .         Reflect  +   H - +0 cloak
rCorr    .         Harm     .   G - +0 pair of gloves
MR       +....                  n - +0 pair of boots
Stlth    ..........             J - +3 amulet of reflection
HPRegen  0.38/turn              p - ring of poison resistance
MPRegen  0.19/turn              i - ring of see invisible

@: berserk cooldown, hasted and slowed, heavily drained
A: no striking features
}: 2/15 runes: decaying, serpentine
a: Berserk, Trog's Hand, Brothers in Arms, Renounce Religion


You were on level 1 of the Vaults.
You worshipped Trog.
Trog was extremely pleased with you.
You were not hungry.

You visited 5 branches of the dungeon, and saw 30 of its levels.

You collected 1298 gold pieces.
You spent 45 gold pieces at shops.

Inventory:

Hand Weapons
 a - a +3 vampiric war axe (weapon)
 o - a +5 antimagic broad axe
 s - a +3 broad axe of chopping
 w - a +2 hand axe of flaming
Missiles
 c - a throwing net (quivered)
 x - 24 tomahawks
Armour
 b - a +0 large shield (worn)
 m - a +4 crystal plate armour (worn)
 n - a +0 pair of boots (worn)
 v - a +2 helmet (worn)
 G - a +0 pair of gloves (worn)
 H - a +0 cloak (worn)
Jewellery
 i - a ring of see invisible (right hand)
 p - a ring of poison resistance (left hand)
 J - a +3 amulet of reflection (around neck)
Wands
 C - a wand of acid (15)
 E - a wand of enslavement (14)
 I - a wand of iceblast (18)
 M - a wand of clouds (5)
Scrolls
 d - a scroll of vulnerability
 k - 2 scrolls of fog
 l - 10 scrolls of remove curse {@r2}
 t - 3 scrolls of teleportation {!d}
 y - 4 scrolls of fear
 K - 4 scrolls of identify {@r1}
 L - a scroll of blinking
 O - a scroll of magic mapping
Potions
 f - 2 potions of heal wounds
 h - 2 potions of ambrosia
 q - 4 potions of curing {@q1}
 r - 2 potions of mutation
 u - 2 potions of flight
 A - 5 potions of cancellation
 B - 2 potions of brilliance
 D - a potion of haste
 F - 3 potions of resistance
 N - 2 potions of berserk rage
Miscellaneous
 g - a lightning rod (4/4)
 z - a box of beasts
Comestibles
 e - 22 rations {!d}
 j - 3 chunks of flesh


   Skills:
 * Level 19.9(17.8) Fighting
 - Level 18.1(16.1) Axes
 + Level 11.9(10.1) Armour
 + Level 9.3(7.6) Dodging
 + Level 14.5(12.6) Shields
 - Level 10.0(8.3) Evocations


You had 16 spell levels left.
You didn't know any spells.

Dungeon Overview and Level Annotations

Branches:
Dungeon (15/15)            Temple (0/1) D:5            Lair (6/6) D:10
  Swamp (4/4) Lair:2        Snake (4/4) Lair:3        Slime (0/5) Lair:5
    Orc (0/2) D:10         Vaults (1/5) D:14         Depths (0/5) D:15

Altars:
Dithmenos
Elyvilon
Hepliaklqana
Makhleb
Okawaru
Qazlal
Uskayaw
Vehumet
Wu Jian
Xom
The Shining One
Jiyva

Shops:
D:5 :   D:9 (   D:10 [(

Annotations:
D:1 1 exclusion
Lair:1 exclusion: 2 oklob plants


Message History

The vault guard is poisoned.
The yaktaur is engulfed in poison gas.
The yaktaur is poisoned.
The vault sentinel is engulfed in poison gas.
The vault sentinel is poisoned.
The vault warden is engulfed in poison gas.
The vault warden is poisoned.
The vault warden hits you with a battleaxe!!!
* * * LOW HITPOINT WARNING * * *
The vault warden is engulfed in poison gas.
The vault warden looks even sicker.
The yaktaur is engulfed in poison gas.
The yaktaur looks even sicker.
The vault guard is engulfed in poison gas.
The vault guard looks even sicker.
Unknown command.
You hit the vault warden.
You feel better.
The vault warden is moderately wounded.
The yaktaur is engulfed in poison gas.
The yaktaur looks even sicker.
The vault sentinel is engulfed in poison gas.
The vault sentinel is poisoned.
The vault sentinel blows a loud note on a signal horn!
The vault sentinel is engulfed in poison gas.
The vault sentinel looks even sicker.
The vault warden is engulfed in poison gas.
The vault warden looks even sicker.
The vault warden hits you with a battleaxe!!
* * * LOW HITPOINT WARNING * * *
The yaktaur is engulfed in poison gas.
The yaktaur looks even sicker.
The vault warden is engulfed in poison gas.
The vault warden looks even sicker.
The vault guard is engulfed in poison gas.
The vault guard looks even sicker.
The yaktaur is engulfed in poison gas.
The yaktaur looks even sicker.
A yaktaur comes into view.
Unknown command.
You feel yourself speed up. Trog accepts your kill.
Trog appreciates your killing of a magic user.
You feel a bit more experienced.
The vault sentinel is engulfed in poison gas.
The vault sentinel looks even sicker.
The vault sentinel blows a loud note on a signal horn!
The vault sentinel is engulfed in poison gas.
The vault sentinel looks even sicker.
The vault sentinel blows a loud note on a signal horn!
The yaktaur wields an arbalest.
The yaktaur shoots a bolt.
You reflect the bolt off an invisible shield around you!
The bolt barely misses the yaktaur.
The yaktaur is engulfed in poison gas.
The yaktaur looks as sick as possible!
The vault warden is engulfed in poison gas.
The vault warden looks as sick as possible!
The vault guard looks as sick as possible!
The vault warden is engulfed in poison gas.
The vault warden looks even sicker.
You block the vault warden's attack.
The yaktaur is engulfed in poison gas.
The yaktaur looks as sick as possible!
The ogre mage hits you from afar with a spear!
* * * LOW HITPOINT WARNING * * *
The vault sentinel is engulfed in poison gas.
The vault sentinel looks as sick as possible!
You hear a shout!
You feel much better.
The vault warden looks as sick as possible!
The yaktaur is engulfed in poison gas.
The yaktaur looks as sick as possible!
The yaktaur is engulfed in poison gas.
The yaktaur looks as sick as possible!
The ogre mage casts a spell at you.
The crystal spear reflects off an invisible shield around you!
The crystal spear hits the ogre mage.
The yaktaur shoots a bolt.
The bolt hits you but does no damage.
The vault sentinel is engulfed in poison gas.
The vault sentinel looks even sicker.
The vault warden is engulfed in poison gas.
The vault warden looks as sick as possible!
You block the vault warden's attack.
The vault guard is engulfed in poison gas.
The vault guard is poisoned.
The vault sentinel is engulfed in poison gas.
The vault sentinel looks as sick as possible!
Unknown command.
You hit the vault warden but do no damage.
The vault warden is heavily wounded.
The runic seals fade away.
The yaktaur is engulfed in poison gas.
The yaktaur looks as sick as possible!
The vault warden is engulfed in poison gas.
The vault warden looks as sick as possible!
The vault warden activates a sealing rune.
The ogre mage gestures at you while chanting.
The bolt of cold hits you!
* * * LOW HITPOINT WARNING * * *
The yaktaur is engulfed in poison gas.
The yaktaur looks as sick as possible!
The vault sentinel is engulfed in poison gas.
The vault sentinel looks even sicker.
You barely miss the vault warden.
The vault warden is heavily wounded.
The vault sentinel looks as sick as possible!
The yaktaur shoots a bolt.
You reflect the bolt off an invisible shield around you!
The bolt hits the yaktaur!!
The vault warden is engulfed in poison gas.
The vault warden looks as sick as possible!
The vault warden hits you with a battleaxe!!!
You die... #.. .. #... .. .>.## . oo#p#. ##cp.## # #(pcc$#

.# #ppp###O#
#....#p#p§).#
#.. ###§@[.#
# #))).#
.....c)[...#
############


You could see 2 vault wardens, an orc knight, an ogre mage, 3 vault sentinels,
an ironbrand convoker, 4 yaktaurs and an orc warrior.

Vanquished Creatures
  The ghost of dstrtnsr the Warrior, an adept MiBe of Trog (Swamp:4)
  Donald (Vaults:1)
  6 nagarajas (Snake:4)
  Agnes (D:15)
  A vault warden (Vaults:1)
  An ironheart preserver (Vaults:1)
  The ghost of Gorglomux the Grappler, a journeyman TrFi of Makhleb (D:12)
  A very ugly thing (Swamp:4)
  Snorg (Lair:5)
  2 death oozes (Swamp:4)
  2 green deaths (Swamp:4)
  Josephine (D:10)
  A fire dragon (Vaults:1)
  2 ogre magi
  A vault guard (D:14)
  15 hydras
  A hell beast (Swamp:4)
  10 naga warriors
  A ghost crab (Swamp:4)
  Erica (D:9)
  12 anacondas
  A catoblepas (D:15)
  2 centaur warriors
  13 two-headed ogres
  5 alligators
  A tengu warrior (D:13)
  3 shock serpents
  A thrashing horror (Swamp:4)
  13 naga sharpshooters
  3 skeletal warriors (D:13)
  2 unseen horrors
  10 naga ritualists
  A swamp dragon (shapeshifter) (D:14)
  4 swamp dragons
  A wizard (D:14)
  2 shambling mangroves (Swamp:4)
  2 ironbrand convokers (D:14)
  A lindwurm (Lair:5)
  3 orc knights
  2 necromancers (D:14)
  15 mana vipers
  5 salamanders
  A manticore (D:10)
  A cyclops (D:13)
  11 ugly things
  The ghost of Soeti the Insei, a novice OpTm of Cheibriados (D:7)
  14 naga magi
  2 guardian serpents (Snake:4)
  31 black mambas
  A vault sentinel (Vaults:1)
  2 orange demons (Swamp:4)
  13 spiny frogs
  A yaktaur (D:14)
  8 komodo dragons
  An efreet (D:15)
  3 freezing wraiths
  7 trolls
  A polar bear (Lair:3)
  5 tyrant leeches
  5 bog bodies
  13 slime creatures
  3 blink frogs (Lair:1)
  A centaur simulacrum (D:15)
  5 dream sheep (Lair:4)
  5 hippogriffs
  2 large abominations (Swamp:4)
  2 spriggans
  4 shadows
  5 wraiths (D:10)
  3 wyverns
  A basilisk (Lair:6)
  A vampire (D:13)
  19 humans (D:14)
  39 yaks
  21 vampire mosquitoes
  A steam dragon (D:10)
  A hungry ghost (D:14)
  2 acid dragons
  25 nagas
  7 swamp worms
  6 porcupines
  6 water moccasins
  Duvessa (D:5)
  A swamp drake (Swamp:4)
  2 black bears
  13 orc warriors
  2 sky beasts
  A hornet zombie (D:14)
  3 ice beasts
  4 ogres
  A black bear (shapeshifter) (D:15)
  3 phantoms
  4 boggarts (D:14)
  2 wolves (Lair:6)
  3 centaurs
  12 crocodiles
  10 bullfrogs
  Dowan (D:5)
  4 scorpions
  5 killer bees (D:9)
  6 howler monkeys
  4 electric eels
  A centaur zombie (D:9)
  6 jellies
  4 crimson imps
  2 centaur skeletons
  4 hounds
  8 orc priests
  2 bullfrog skeletons
  An iguana (D:9)
  Natasha (D:2)
  7 orc wizards
  5 worker ants
  A hound skeleton (D:8)
  A worker ant zombie (D:7)
  7 adders
  A howler monkey skeleton (D:7)
  A shadow imp (D:12)
  An adder skeleton (D:7)
  2 worms
  2 dart slugs
  2 leopard geckos
  54 orcs
  3 goblins
  3 hobgoblins (D:1)
  7 jackals
  4 kobolds
  A quokka (D:7)
  A ball python (D:5)
  5 bats
  4 frilled lizards
  A giant cockroach zombie (D:5)
  A jackal zombie (D:5)
  A quokka skeleton (D:5)
  7 rats
666 creatures vanquished.

Vanquished Creatures (collateral kills)
  A thorn hunter (Swamp:4)
  A naga sharpshooter (Snake:2)
  A skeletal warrior (D:13)
  A swamp dragon (Swamp:4)
  A naga mage (Snake:4)
  A tyrant leech (Swamp:4)
  A bog body (Swamp:4)
  A shadow (Swamp:4)
  A swamp drake (Swamp:4)
9 creatures vanquished.

Vanquished Creatures (others)
  Vashnia (Snake:2)
  A centaur warrior (D:14)
  2 naga sharpshooters
  A naga mage (Snake:4)
  2 nagas (Snake:4)
  A bush (D:7)
  4 fungi
  18 plants
30 creatures vanquished.

Grand Total: 705 creatures vanquished

Notes
Turn   | Place    | Note
-------+----------+-------------------------------------------
     0 | D:1      | dstrtnsr the Hill Orc Berserker began the quest for the Orb.
     0 | D:1      | Reached XP level 1. HP: 19/19 MP: 1/1
   263 | D:1      | Reached XP level 2. HP: 27/27 MP: 2/2
   327 | D:1      | Reached skill level 4 in Fighting
   488 | D:2      | Noticed Natasha
   494 | D:2      | Killed Natasha
   494 | D:2      | Reached skill level 5 in Axes
   494 | D:2      | Reached XP level 3. HP: 33/33 MP: 3/3
   967 | D:2      | Found a burning altar of Makhleb.
   967 | D:2      | Found a radiant altar of Vehumet.
  1005 | D:2      | Reached XP level 4. HP: 41/41 MP: 4/4
  1237 | D:2      | Found a hazy altar of Hepliaklqana.
  1550 | D:3      | Noticed a centaur
  1557 | D:3      | Killed a centaur
  1557 | D:3      | Reached skill level 5 in Fighting
  1557 | D:3      | Reached XP level 5. HP: 48/48 MP: 5/5
  1660 | D:3      | Reached ** piety under Trog
  2485 | D:5      | Entered Level 5 of the Dungeon
  2690 | D:5      | Noticed Duvessa
  2692 | D:5      | Noticed Dowan
  2698 | D:5      | Killed Duvessa
  2698 | D:5      | Reached XP level 6. HP: 56/56 MP: 6/6
  2718 | D:5      | Killed Dowan
  2824 | D:5      | Reached skill level 6 in Fighting
  2864 | D:5      | Found a staircase to the Ecumenical Temple.
  2887 | D:5      | Reached XP level 7. HP: 63/63 MP: 7/7
  2903 | D:5      | Found Bedgh's Book Boutique.
  3263 | D:6      | Found a hide-covered altar of Uskayaw.
  3263 | D:6      | Found a stormy altar of Qazlal.
  3526 | D:7      | Reached XP level 8. HP: 71/71 MP: 8/8
  3698 | D:7      | Reached skill level 7 in Fighting
  3698 | D:7      | Reached skill level 10 in Axes
  3893 | D:7      | Noticed a spriggan baker
  3906 | D:7      | Killed a spriggan baker
  3982 | D:7      | Noticed Soeti's ghost (novice OpTm)
  4001 | D:7      | Killed Soeti's ghost
  4110 | D:7      | Noticed a troll
  4117 | D:7      | Killed a troll
  4117 | D:7      | Reached skill level 8 in Fighting
  4117 | D:7      | Reached skill level 5 in Armour
  4117 | D:7      | Reached XP level 9. HP: 81/81 MP: 9/9
  4736 | D:8      | Noticed a two-headed ogre
  4744 | D:8      | Killed a two-headed ogre
  4744 | D:8      | Reached skill level 9 in Fighting
  4901 | D:8      | Reached *** piety under Trog
  5510 | D:9      | Noticed a troll
  5511 | D:9      | Found an iron altar of Okawaru.
  5525 | D:9      | Killed a troll
  5525 | D:9      | Reached XP level 10. HP: 78/91 MP: 10/10
  5645 | D:9      | Found an ornate altar of the Wu Jian Council.
  5645 | D:9      | Found a shimmering altar of Xom.
  5645 | D:9      | Found a glowing golden altar of the Shining One.
  5679 | D:9      | Found a shadowy altar of Dithmenos.
  5681 | D:9      | Found a white marble altar of Elyvilon.
  5738 | D:9      | Found Xuxatzal's Antique Weapon Shoppe.
  6026 | D:9      | Noticed Erica
  6033 | D:9      | Killed Erica
  6033 | D:9      | Reached skill level 10 in Fighting
  6213 | D:10     | Entered Level 10 of the Dungeon
  6316 | D:10     | Noticed a manticore
  6325 | D:10     | Killed a manticore
  7024 | D:10     | Noticed an orc knight
  7026 | D:10     | Found Lyxzayn's Armour Boutique.
  7044 | D:10     | Killed an orc knight
  7045 | D:10     | Found a staircase to the Orcish Mines.
  7052 | D:10     | Reached skill level 15 in Axes
  7070 | D:10     | Found Goutut's Weapon Boutique.
  7074 | D:10     | Bought a +0 pair of gloves for 45 gold pieces
  7224 | D:10     | Noticed Josephine
  7239 | D:10     | Reached XP level 11. HP: 101/101 MP: 11/11
  7244 | D:10     | Killed Josephine
  7244 | D:10     | Reached **** piety under Trog
  7252 | D:10     | Reached skill level 11 in Fighting
  7526 | D:10     | Killed an unseen horror
  7682 | D:10     | Found a staircase to the Lair.
  7714 | Lair:1   | Entered Level 1 of the Lair of Beasts
  8105 | Lair:1   | Noticed a seven-headed hydra
  8107 | Lair:1   | Noticed an oklob plant
  8118 | Lair:1   | Killed a one-headed hydra
  8960 | Lair:1   | Noticed an oklob plant
  9135 | Lair:2   | HP: 37/104 [swamp worm/harpoon shot (15)]
  9146 | Lair:2   | HP: 37/156 [swamp worm/harpoon shot (12)]
  9152 | Lair:2   | HP: 35/156 [swamp worm (3)]
  9356 | Lair:2   | HP: 41/104 [black mamba (3)]
  9676 | Lair:2   | Reached XP level 12. HP: 112/112 MP: 12/12
  9719 | Lair:2   | Found a staircase to the Swamp.
  9807 | Lair:2   | Reached skill level 12 in Fighting
 10070 | Lair:2   | Reached skill level 10 in Armour
 10658 | Lair:3   | Noticed a five-headed hydra
 10659 | Lair:3   | Noticed a six-headed hydra
 10666 | Lair:3   | Killed a two-headed hydra
 10672 | Lair:3   | Killed a one-headed hydra
 10883 | Lair:3   | Reached skill level 13 in Fighting
 10883 | Lair:3   | Reached skill level 1 in Evocations
 10884 | Lair:3   | Found a staircase to the Snake Pit.
 11614 | Lair:4   | Reached ***** piety under Trog
 11764 | Lair:4   | Reached XP level 13. HP: 117/122 MP: 14/14
 12165 | Lair:4   | Received a gift from Trog
 12864 | Lair:5   | Reached skill level 1 in Shields
 12879 | Lair:5   | Noticed Snorg
 12882 | Lair:5   | Found a viscous altar of Jiyva.
 12882 | Lair:5   | Found a staircase to the Slime Pits.
 12889 | Lair:5   | Killed Snorg
 13207 | Lair:6   | Entered Level 6 of the Lair of Beasts
 13293 | Lair:6   | Reached skill level 14 in Fighting
 13889 | D:12     | Identified a scroll of acquirement
 13913 | D:12     | Noticed Gorglomux's ghost (journeyman TrFi)
 13931 | D:12     | Killed Gorglomux's ghost
 14655 | D:13     | Reached skill level 5 in Shields
 14662 | D:13     | Reached skill level 5 in Evocations
 14672 | D:13     | Noticed an ogre mage
 14681 | D:13     | Received a gift from Trog
 14682 | D:13     | Killed an ogre mage
 14700 | D:13     | Reached XP level 14. HP: 102/133 MP: 17/17
 14719 | D:13     | Reached skill level 5 in Dodging
 14719 | D:13     | HP: 47/133 [skeletal warrior/trident[a skeletal warrior] (13)]
 15326 | D:13     | Found a shimmering altar of Xom.
 15343 | D:13     | Reached skill level 15 in Fighting
 15550 | D:14     | Found Adghyug's Magic Scroll Boutique.
 15666 | D:14     | Found a glowing golden altar of the Shining One.
 15796 | D:14     | Found a gate to the Vaults.
 15931 | D:15     | Entered Level 15 of the Dungeon
 16208 | D:15     | Found a staircase to the Depths.
 16208 | D:15     | Noticed a fire giant
 16239 | D:15     | Noticed Agnes
 16256 | D:15     | Killed Agnes
 16256 | D:15     | Reached skill level 16 in Fighting
 16628 | Swamp:1  | Entered Level 1 of the Swamp
 16637 | Swamp:1  | Reached XP level 15. HP: 144/144 MP: 6/20
 16744 | Swamp:1  | Received a gift from Trog
 17135 | Swamp:4  | Entered Level 4 of the Swamp
 17249 | Swamp:4  | Reached skill level 10 in Shields
 17275 | Swamp:4  | Noticed dstrtnsr's ghost (adept MiBe)
 17291 | Swamp:4  | HP: 86/217 [poisoned by dstrtnsr's ghost]
 17296 | Swamp:4  | HP: 61/217 [poisoned by dstrtnsr's ghost]
 17297 | Swamp:4  | Killed dstrtnsr's ghost
 17300 | Swamp:4  | HP: 27/145 [bog body (7)]
 17305 | Swamp:4  | HP: 20/145 [poisoned by dstrtnsr's ghost]
 17310 | Swamp:4  | HP: 15/145 [poisoned by dstrtnsr's ghost]
 17316 | Swamp:4  | HP: 13/145 [poisoned by dstrtnsr's ghost]
 17321 | Swamp:4  | HP: 13/145 [poisoned by dstrtnsr's ghost]
 17328 | Swamp:4  | HP: 13/145 [poisoned by dstrtnsr's ghost]
 17336 | Swamp:4  | HP: 14/145 [poisoned by dstrtnsr's ghost]
 17412 | Swamp:4  | HP: 84/217 [seven-headed hydra (9)]
 17705 | Swamp:4  | Reached skill level 17 in Fighting
 17733 | Swamp:4  | Noticed a thorn hunter
 17739 | Swamp:4  | HP: 53/147 [thorn hunter (12)]
 17747 | Swamp:4  | HP: 46/147 [thorn hunter (9)]
 17748 | Swamp:4  | HP: 18/147 [thorn hunter/volley of thorns (8)]
 17754 | Swamp:4  | Killed a thorn hunter
 18445 | Swamp:4  | Got a decaying rune of Zot
 18638 | Snake:1  | Entered Level 1 of the Snake Pit
 18645 | Snake:1  | Reached XP level 16. HP: 155/155 MP: 7/22
 18709 | Snake:2  | Noticed Vashnia
 18737 | Snake:2  | Killed Vashnia
 19235 | Snake:2  | Reached skill level 18 in Fighting
 19835 | Snake:4  | Entered Level 4 of the Snake Pit
 20565 | Snake:4  | Received a gift from Trog
 21238 | Snake:4  | Noticed a nagaraja
 21271 | Snake:4  | Noticed a nagaraja
 21271 | Snake:4  | Noticed a nagaraja
 21272 | Snake:4  | Reached XP level 17. HP: 166/166 MP: 24/24
 21544 | Snake:4  | HP: 63/166 [naga sharpshooter/arrow (15)]
 21564 | Snake:4  | HP: 61/166 [nagaraja (6)]
 21569 | Snake:4  | HP: 58/166 [poisoned by a nagaraja (poison arrow)]
 21574 | Snake:4  | HP: 50/166 [poisoned by a nagaraja (poison arrow)]
 21580 | Snake:4  | HP: 54/166 [poisoned by a nagaraja (poison arrow)]
 21585 | Snake:4  | HP: 55/166 [poisoned by a nagaraja (poison arrow)]
 21590 | Snake:4  | HP: 57/166 [poisoned by a nagaraja (poison arrow)]
 21595 | Snake:4  | HP: 60/166 [poisoned by a nagaraja (poison arrow)]
 21600 | Snake:4  | HP: 99/249 [nagaraja (4)]
 21604 | Snake:4  | Reached skill level 19 in Fighting
 21669 | Snake:4  | Reached skill level 10 in Evocations
 22079 | Snake:4  | Got a serpentine rune of Zot
 23046 | Vaults:1 | Entered Level 1 of the Vaults
 23080 | Vaults:1 | Received a gift from Trog
 23101 | Vaults:1 | Noticed Donald
 23217 | Vaults:1 | Killed Donald
 23223 | Vaults:1 | HP: 51/170 [vault warden/battleaxe (38)]
 23228 | Vaults:1 | Demolished by a vault warden

Vault maps used:
D:1:      dpeg_arrival_arbitrary_a
D:2:      gammafunk_temple_overflow_wave, nicolae_overflow_hidden_temple,
          first_ration, minivault_25, minmay_pentomino_p2, uniq_natasha
D:3:      roderic_lattice_a, nicolae_gozag_cash_rules_everything_around_me
D:4:      old_standard_altar
D:5:      minmay_temple_entry_statues_fountains, serial_shops,
          nicolae_shop_waterfront, shop_fountains, uniq_duvessa
D:6:      gammafunk_temple_overflow_elements
D:7:      the_bakery, minivault_11, hangedman_decor_slide_cut,
          minmay_misc_feat_cross, kb_lookout_dungeons_type, serial_bayou_pond_a
D:9:      minmay_overflow_temple_hex, serial_shops, shop, minivault_23,
          serial_bayou_lagoon_a, uniq_erica
D:10:     lair_entry_dummy, orc_david_3, nrook_mini_vaults, kennysheep_dice,
          uniq_josephine
D:11:     lemuel_ice_spiral_2
D:13:     minmay_ornate_pinched, basic_altar, uniq_azrael
D:14:     gammafunk_dig_for_victory, grunt_vaults_entry_tiered, serial_shops,
          shop, nicolae_shop_behind_doors, shop_coins, shop, shop_statue,
          basic_altar, okawaru_ov_weapons_minmay, nicolae_tso_carved_into_rock
D:15:     grunt_enter_depths_giant_problem, serial_bayou_pond_b, uniq_agnes
Lair:1:   minmay_lair_oklob_chamber
Lair:2:   nicolae_swamp_entry_splash_gauntlet, serial_bayou_shore_a,
          grunt_megastairs_4, lemuel_fruit_fields, lemuel_fruit_tree
Lair:3:   minmay_snake_entry_guardpost_medium, lemuel_fruit_fields
Lair:5:   slime_altar_1, st_stairs_8, grunt_forest_small_clearings,
          serial_bayou_lake_a, uniq_snorg
Lair:6:   minmay_lair_end_enchanted_forest, lemuel_fruit_fields,
          grunt_megastairs_2
Swamp:1:  infiniplex_staircase_pool, worms_lemuel
Swamp:2:  evilmike_swamp_ruin_house_1, swamp_pool3, uniq_nikola
Swamp:3:  portal_ice_cave_entry_ice_statue_two, basic_altar
Swamp:4:  swamp_vile, swamp_pool2, grunt_lady_of_the_lake, uniq_mara
Snake:1:  serial_shops, shop
Snake:2:  stair_cage_wide, library_closet, st_stairs_1, uniq_vashnia
Snake:3:  uniq_aizul
Snake:4:  snake_pit, serial_bayou_shore_b
Vaults:1: nicolae_vaults_network_barrier, grunt_vaults_hallway_short,
          hangedman_vaults_stream, dpeg_vaults_pockets_of_resistance,
          ontoclasm_vaults_fault, nicolae_vaults_little_squares_2,
          nicolae_vaults_little_squares_2, nicolae_vaults_what_the_h,
          grunt_vaults_hallway_short, nicolae_vaults_little_ls,
          nicolae_vaults_asterisk, uniq_donald

Skill      XL: |  1  2  3  4  5  6  7  8  9 10 11 12 13 14 15 16 17 |
---------------+----------------------------------------------------+-----
Fighting       | 4 5 6 8 9 10 11 13 14 16 17 18 19 | 19.9
Axes           | 5 6 7 8 9 11 13 15 17 18 | 18.1
Armour         | 3 5 6 8 9 11 | 11.9
Dodging        | 2 4 6 7 8 9 |  9.3
Evocations     | 2 5 6 8 9 10 | 10.0
Shields        | 5 9 11 13 14 | 14.5

Action                   |  1- 3 |  4- 6 |  7- 9 | 10-12 | 13-15 | 16-18 || total
-------------------------+-------+-------+-------+-------+-------+-------++-------
Melee: Hand axe          |    51 |       |       |    20 |   171 |     7 ||   249
       War axe           |     6 |   106 |   203 |   140 |       |   512 ||   967
       Broad axe         |       |       |       |   344 |   823 |   315 ||  1482
       Battleaxe         |       |       |       |       |     6 |       ||     6
Invok: Berserk           |     2 |     4 |     8 |    12 |    22 |    12 ||    60
       Trog's Hand       |       |       |       |     2 |     7 |     4 ||    13
       Brothers in Arms  |       |       |       |       |     5 |     3 ||     8
Evoke: Wand              |       |       |       |     2 |     1 |     1 ||     4
  Use: Scroll            |       |       |    13 |    14 |     7 |     3 ||    37
       Potion            |       |       |       |       |     3 |     5 ||     8
 Stab: Distracted        |       |       |       |       |       |     1 ||     1
  Eat: Chunk             |     1 |     7 |    11 |    23 |    25 |     9 ||    76
       Ration            |       |     1 |     1 |     3 |     7 |     9 ||    21
Armor: Animal skin       |    10 |       |       |       |       |       ||    10
       Chain mail        |    17 |    18 |       |       |       |       ||    35
       Crystal plate arm |       |    65 |   148 |   306 |   558 |   424 ||  1501
Dodge: Dodged            |    32 |    38 |    38 |   106 |   112 |   102 ||   428
Block: Other             |       |       |       |     4 |     4 |       ||     8
       Large shield      |       |       |       |       |   843 |   988 ||  1831
       Reflection        |       |       |       |       |    21 |   134 ||   155

Table legend:
 A = Spawn XP
 B = Non-spawn XP
 C = Spawn XP percentage of total XP
 D = Spawn monster count
 E = Non-spawn monster count
 F = Spawn count percentage of total count
 G = Total turns spent on level
                    A         B        C        D         E        F      G
               +---------+---------+-------+---------+---------+-------+---------
         Total |       0 |  238426 |   0.0 |       0 |     681 |   0.0 | 23228
               +---------+---------+-------+---------+---------+-------+---------
           D:1 |       0 |      22 |   0.0 |       0 |      12 |   0.0 |   477
           D:2 |       0 |      66 |   0.0 |       0 |      11 |   0.0 |   848
           D:3 |       0 |     156 |   0.0 |       0 |      12 |   0.0 |   659
           D:4 |       0 |       5 |   0.0 |       0 |       1 |   0.0 |   501
           D:5 |       0 |     382 |   0.0 |       0 |      13 |   0.0 |   451
           D:6 |       0 |     410 |   0.0 |       0 |       9 |   0.0 |   549
           D:7 |       0 |    1864 |   0.0 |       0 |      29 |   0.0 |  1050
           D:8 |       0 |    1352 |   0.0 |       0 |      10 |   0.0 |   843
           D:9 |       0 |    2316 |   0.0 |       0 |      21 |   0.0 |   835
          D:10 |       0 |    5629 |   0.0 |       0 |      43 |   0.0 |  1627
          D:11 |       0 |    1070 |   0.0 |       0 |       8 |   0.0 |   428
          D:12 |       0 |    5430 |   0.0 |       0 |      36 |   0.0 |   743
          D:13 |       0 |    9572 |   0.0 |       0 |      27 |   0.0 |  1008
          D:14 |       0 |   17997 |   0.0 |       0 |      58 |   0.0 |   541
          D:15 |       0 |   13172 |   0.0 |       0 |      29 |   0.0 |   458
        Lair:1 |       0 |    3863 |   0.0 |       0 |      12 |   0.0 |  1376
        Lair:2 |       0 |    4888 |   0.0 |       0 |      24 |   0.0 |  1589
        Lair:3 |       0 |   10115 |   0.0 |       0 |      37 |   0.0 |  1220
        Lair:4 |       0 |    5348 |   0.0 |       0 |      23 |   0.0 |  1262
        Lair:5 |       0 |    3302 |   0.0 |       0 |      11 |   0.0 |   416
        Lair:6 |       0 |    3448 |   0.0 |       0 |      13 |   0.0 |   159
       Swamp:1 |       0 |    6519 |   0.0 |       0 |      11 |   0.0 |   257
       Swamp:2 |       0 |    1175 |   0.0 |       0 |       2 |   0.0 |    22
       Swamp:3 |       0 |    2151 |   0.0 |       0 |       8 |   0.0 |   197
       Swamp:4 |       0 |   33449 |   0.0 |       0 |      59 |   0.0 |  1405
       Snake:1 |       0 |    5485 |   0.0 |       0 |      10 |   0.0 |   178
       Snake:2 |       0 |   20469 |   0.0 |       0 |      30 |   0.0 |  1208
       Snake:3 |       0 |   13642 |   0.0 |       0 |      24 |   0.0 |   527
       Snake:4 |       0 |   51607 |   0.0 |       0 |      77 |   0.0 |  2303
      Vaults:1 |       0 |   13522 |   0.0 |       0 |      21 |   0.0 |    91
               +---------+---------+-------+---------+---------+-------+---------
